Map: Realities Simulation LE

Players

MattBarry

  • Race: Terran Terran
  • Spawn Location: 6:00

Alebay

  • Race: Protoss Protoss
  • Spawn Location: 3:00

MattBarry

  • Race: Zerg Zerg
  • Spawn Location: 5:00

Luixdesign

  • Race: Zerg Zerg
  • Spawn Location: 11:00

ChuCky

  • Race: Terran Terran
  • Spawn Location: 9:00

Artanis

  • Race: Protoss Protoss
  • Spawn Location: 12:00

VOD

Have the link to the VOD?

Description

Time

  • Played on: Dec. 25, 2022, 11:37 p.m.
  • Length: 14:23
Show
View Real Time Build Order
Export as new Build Order

MattBarry Terran 

Build Orders: 2 Factory 

Get SALT Encoding   

  12  0:00  SCV  
  13  0:12  SCV  
  14  0:18  Supply Depot  
  14  0:24  SCV  
  15  0:30  Refinery  
  15  0:39  SCV  
  16  0:45  Barracks  
  16  0:52  SCV  
  17  1:04  SCV  
  18  1:17  SCV  
  19  1:32  Orbital Command  
  19  1:34  Marine  
  19  1:37  Factory  
  20  1:42  Supply Depot  
  20  1:52  Barracks Reactor  
  20  1:58  SCV  
  21  2:10  SCV  
  22  2:16  Command Center  
  22  2:22  SCV  
  23  2:34  SCV  
  23  2:36  Hellion x2  
  28  2:40  Supply Depot  
  28  2:46  SCV  
  28  2:48  Refinery  
  28  2:49  Barracks Tech Lab  
  29  2:56  Factory  
  29  3:01  SCV  
  29  3:03  Widow Mine  
  29  3:04  Widow Mine  
  34  3:35  SCV  
  34  3:41  Orbital Command  
  35  3:49  Hellion  
  35  3:50  Hellion  
  39  3:56  Starport  
  35  4:04  Barracks Reactor  
  35  4:29  Siege Tank, Hellion x2  
  42  4:34  SCV x2  
  42  4:35  Supply Depot  
  42  4:36  Supply Depot  
  44  4:46  SCV x2  
  50  4:52  Hellion  
  50  4:53  Hellion  
  51  5:00  SCV x2  
  51  5:01  Siege Tank  
  55  5:12  SCV  
  45  5:15  Hellion x2  
  29  5:59  Siege Tank, Hellion x2  
  9  6:20  Hellion x2  
  9  6:21  SCV  
  9  6:22  SCV  
  15  6:31  Siege Tank  
  18  6:34  SCV x2  
  18  6:39  Viking  
  16  7:27  SCV x2  
  18  7:39  SCV x2  
  20  7:51  SCV x2  
  18  8:03  SCV x2, Hellion x2  
  24  8:15  SCV x2  
  24  8:19  Command Center  
  26  8:27  SCV  
  26  8:28  SCV  
  28  8:39  SCV  
  28  8:40  SCV  
  28  8:45  Viking  
  15  9:33  SCV x2  
  17  9:54  SCV  
  18  10:06  SCV  
  19  10:12  SCV  
  20  10:16  SCV  
  20  10:18  SCV  
  22  10:24  SCV, Engineering Bay  
  23  10:33  SCV x2  
  25  10:40  SCV  
  26  10:45  SCV x2  
  28  10:52  SCV  
  28  10:53  Viking  
  31  10:59  SCV x2  
  31  11:01  Missile Turret  
  33  11:07  Missile Turret  
  33  11:10  Missile Turret  
  33  11:28  Hellion x2  
  37  11:37  SCV x3  
  40  11:49  SCV x3  
  46  11:54  Siege Tank  
  46  12:02  Factory Reactor  
  46  12:03  Starport Reactor  
  46  12:10  SCV x3  
  49  12:29  Armory  
  49  12:36  SCV  
  49  12:37  SCV x2  
  52  12:44  Viking x2  
  52  12:48  SCV  
  52  12:49  SCV x2, Refinery  
  59  12:52  Refinery  
  59  13:01  SCV x3  
  62  13:09  Siege Tank  
  62  13:11  Hellion x2  
  69  13:36  Hellion x2  
  66  13:42  Viking x2  
Show
View Real Time Build Order
Export as new Build Order

Alebay Protoss 

Build Orders:  

Get SALT Encoding   

  12  0:02  Probe  
  13  0:14  Probe  
  13  0:19  Pylon  
  14  0:26  Probe  
  15  0:34  Assimilator  
  15  0:38  Probe  
  16  0:49  Pylon  
  16  0:51  Probe  
  17  1:03  Probe  
  18  1:15  Probe  
  19  1:23  Nexus  
  19  1:27  Probe  
  20  1:39  Probe  
  21  1:43  Pylon  
  21  1:54  Probe  
  21  1:57  Assimilator  
  22  2:02  Forge  
  22  2:13  Probe  
  23  2:19  Gateway  
  23  2:25  Probe  
  24  2:33  Pylon  
  24  2:35  Probe  
  25  2:37  Probe  
  26  2:47  Probe  
  26  2:49  Probe  
  28  2:55  Protoss Ground Weapons Level 1  
  28  2:59  Probe  
  28  3:01  Probe  
  30  3:07  Gateway  
  30  3:08  Gateway  
  24  3:34  Probe  
  24  3:35  Probe  
  26  3:43  Cybernetics Core  
  26  3:46  Probe  
  26  3:48  Probe  
  28  4:00  Probe x2  
  26  4:13  Probe  
  27  4:19  Photon Cannon  
  27  4:20  Photon Cannon  
  27  4:26  Pylon  
  27  4:30  Probe  
  27  4:31  Probe  
  29  4:36  Stalker x3  
  35  4:42  Probe  
  35  4:43  Probe  
  35  4:44  Warp Gate  
  37  4:50  Gateway  
  37  5:04  Protoss Ground Armor Level 1  
  37  5:05  Stalker, Probe  
  37  5:06  Stalker x2  
  34  5:35  Stalker  
  36  6:04  Stalker x2  
  38  6:05  Stalker, Probe  
  38  6:07  Probe  
  44  6:17  Probe  
  45  6:19  Probe  
  45  6:24  Pylon  
  46  6:29  Probe  
  46  6:31  Probe  
  48  6:34  Stalker x2  
  48  6:35  Stalker  
  54  6:41  Probe  
  54  6:43  Probe  
  56  6:59  Twilight Council  
  56  7:04  Stalker x2  
  49  7:25  Probe  
  50  7:32  Probe  
  51  7:37  Stalker, Probe  
  54  7:44  Probe  
  54  7:49  Pylon, Probe  
  54  7:51  Pylon  
  56  7:56  Stalker x2  
  56  7:57  Probe  
  61  8:01  Probe  
  61  8:05  Gateway  
  62  8:06  Gateway, Stalker  
  62  8:09  Probe  
  65  8:14  Probe  
  65  8:18  Blink  
  66  8:21  Probe  
  67  8:32  Protoss Ground Weapons Level 2  
  67  8:58  Probe x2  
  67  9:02  Stalker x3  
  75  9:10  Probe  
  75  9:11  Probe  
  77  9:23  Probe  
  74  9:34  Stalker x3  
  80  9:50  Nexus  
  80  9:54  Pylon  
  80  9:57  Pylon  
  80  10:06  Probe x2  
  82  10:10  Stalker x3  
  88  10:37  Stalker x3  
  94  10:45  Gateway  
  94  10:46  Gateway  
  94  10:50  Gateway  
  94  11:11  Probe  
  94  11:13  Protoss Ground Weapons Level 3  
  95  11:23  Probe  
  96  11:25  Stalker  
  96  11:26  Stalker x2  
  102  11:35  Probe  
  103  11:47  Photon Cannon, Probe  
  103  11:49  Photon Cannon  
  103  11:52  Photon Cannon  
  103  11:54  Photon Cannon  
  104  11:55  Stalker x3  
  104  11:59  Probe  
  111  12:06  Assimilator  
  111  12:10  Assimilator, Probe x2  
  111  12:12  Probe  
  115  12:22  Probe  
  115  12:23  Probe  
  115  12:24  Probe  
  117  12:30  Pylon  
  117  12:32  Pylon  
  117  12:35  Pylon  
  117  12:36  Probe  
  118  12:48  Probe  
  117  13:05  Stalker  
  117  13:06  Stalker x2  
  108  13:46  Stalker x3  
  108  13:47  Stalker x3  
  86  14:16  Stalker  
  86  14:17  Stalker x5  
  86  14:18  Stalker  
Show
View Real Time Build Order
Export as new Build Order

MattBarry Zerg 

Build Orders: Hatch First 

Get SALT Encoding   

  12  0:00  Drone  
  13  0:13  Overlord  
  13  0:17  Drone  
  14  0:33  Drone x2  
  16  0:53  Hatchery  
  15  1:05  Drone  
  15  1:10  Extractor  
  15  1:12  Evolution Chamber  
  15  1:14  Drone x2  
  16  1:34  Drone  
  17  1:43  Drone  
  17  1:45  Drone  
  19  1:56  Spawning Pool  
  19  2:00  Hatchery  
  17  2:12  Drone x3  
  20  2:16  Drone  
  20  2:17  Drone  
  22  2:23  Drone  
  23  2:32  Drone  
  23  2:34  Drone  
  25  2:44  Zergling x2, Queen  
  28  2:52  Overlord  
  28  3:03  Roach Warren  
  27  3:05  Zerg Missile Weapons Level 1  
  27  3:09  Drone  
  27  3:10  Overlord  
  28  3:15  Queen  
  30  3:30  Drone x2  
  30  3:31  Drone x4  
  36  3:37  Queen  
  36  3:39  Drone  
  39  3:42  Drone  
  40  3:51  Drone x2  
  40  3:52  Drone x2  
  44  4:06  Roach x3  
  49  4:30  Queen  
  49  4:34  Queen  
  49  4:35  Overlord x2  
  49  4:36  Overlord  
  49  4:37  Queen  
  49  4:41  Drone x3  
  50  4:54  Metabolic Boost  
  50  4:57  Roach x2  
  50  4:59  Zergling x2  
  55  5:06  Lair  
  55  5:20  Roach  
  55  5:32  Overlord x2  
  55  5:34  Zergling x4  
  56  5:45  Zergling x6  
  56  5:46  Zergling x4  
  56  5:47  Zergling x2, Drone  
  56  5:48  Drone x2  
  61  6:08  Drone  
  61  6:09  Drone x5  
  65  6:22  Zergling x8  
  65  6:23  Zergling x10  
  74  6:30  Extractor  
  73  6:34  Extractor  
  72  6:47  Spore Crawler  
  71  6:50  Spore Crawler  
  69  7:02  Hydralisk Den  
  68  7:11  Drone x2  
  68  7:12  Drone x5  
  75  7:28  Roach  
  75  7:29  Roach x3  
  81  7:30  Overlord x2  
  81  7:31  Overlord  
  81  7:41  Glial Reconstitution  
  81  7:55  Roach x3  
  87  8:13  Grooved Spines  
  87  8:14  Hatchery  
  86  8:21  Overlord  
  86  8:22  Zergling x22  
  86  8:23  Zergling x6  
  98  8:46  Roach x8  
  98  8:48  Overlord x3  
  112  8:57  Hydralisk x2  
  113  9:06  Hydralisk x3  
  119  9:25  Muscular Augments  
  119  9:26  Queen  
  119  9:30  Extractor  
  120  9:35  Queen  
  120  9:37  Hydralisk x2  
  120  9:38  Hydralisk  
  117  10:02  Queen  
  104  10:08  Hydralisk  
  104  10:09  Hydralisk x4  
  104  10:16  Hydralisk  
  104  10:18  Roach  
  104  10:19  Zergling x26  
  113  10:36  Zergling x18  
  122  10:45  Infestation Pit  
  121  10:50  Extractor  
  121  10:53  Extractor  
  119  11:11  Hatchery  
  119  11:13  Zerg Missile Weapons Level 2  
  118  11:20  Hydralisk x3  
  118  11:21  Overlord x4  
  118  11:24  Roach x6  
  115  12:00  Spire  
  109  12:10  Zergling x12  
  109  12:13  Hive  
  115  12:44  Drone  
  115  12:45  Drone x5  
  123  12:51  Roach  
  123  12:52  Roach x13  
  149  13:08  Drone  
  149  13:09  Drone x11  
  151  13:37  Roach, Corruptor  
  151  13:38  Corruptor x4  
Show
View Real Time Build Order
Export as new Build Order

Luixdesign Zerg 

Build Orders: Hatch First 

Get SALT Encoding   

  12  0:01  Drone  
  13  0:08  Drone  
  14  0:17  Overlord  
  14  0:38  Drone x3  
  17  0:56  Drone  
  18  1:00  Hatchery  
  17  1:07  Drone  
  18  1:25  Spawning Pool, Extractor  
  16  1:29  Drone x2  
  18  1:33  Drone  
  19  1:44  Overlord  
  19  2:12  Queen  
  21  2:17  Queen  
  21  2:21  Zergling x8  
  27  2:31  Metabolic Boost  
  27  2:52  Zergling x2  
  27  2:53  Zergling x8  
  32  3:17  Overlord  
  32  3:27  Zergling x2  
  32  3:28  Zergling x6  
  32  3:30  Overlord  
  30  4:23  Zergling x2  
  30  4:24  Zergling x22  
  35  4:53  Zergling x2  
  35  4:54  Zergling x8  
  37  5:38  Zergling x8  
  31  6:34  Drone x5  
  31  6:35  Drone x8  
  44  6:53  Spine Crawler  
  43  6:56  Spine Crawler  
  43  6:59  Lair, Evolution Chamber  
  43  7:00  Baneling Nest  
  40  7:05  Zergling x2  
  40  7:06  Zergling x6  
  36  7:39  Zergling x14  
  43  7:51  Zerg Melee Weapons Level 1  
  43  8:01  Hatchery  
  43  8:02  Evolution Chamber  
  43  8:04  Baneling x5  
  43  8:05  Baneling x3  
  41  8:07  Centrifugal Hooks  
  41  8:11  Drone  
  41  8:12  Drone x4  
  46  8:23  Overlord x2  
  46  8:24  Extractor  
  46  8:26  Extractor  
  44  8:32  Zerg Ground Armor Level 1  
  44  8:50  Zergling x16  
  49  9:04  Extractor  
  49  9:08  Zergling x2  
  49  9:09  Zergling x10  
  54  9:50  Zerg Melee Weapons Level 2  
  54  9:54  Drone  
  52  10:01  Spine Crawler  
  34  10:11  Hatchery  
  31  10:14  Spine Crawler  
  31  10:15  Zergling x16  
  31  10:16  Zergling x16  
  46  10:37  Drone x6  
  46  10:38  Drone x3  
  55  10:56  Hydralisk Den  
  54  11:00  Drone  
  54  11:01  Drone x6  
  52  11:54  Muscular Augments  
  50  11:55  Drone x5  
  50  11:56  Drone x6  
  61  12:02  Zerg Missile Weapons Level 1  
  61  12:28  Extractor  
  60  12:30  Extractor  
  60  12:31  Hydralisk x2  
  60  12:32  Hydralisk x5  
  60  12:34  Overlord x3  
  60  12:35  Spine Crawler  
  72  12:37  Spine Crawler  
  72  12:38  Spine Crawler  
  72  12:39  Spine Crawler  
  69  13:10  Hydralisk  
  69  13:11  Hydralisk x13  
  97  13:35  Overlord x3  
  97  13:41  Lurker Den  
Show
View Real Time Build Order
Export as new Build Order

ChuCky Terran 

Build Orders:  

Get SALT Encoding   

  12  0:01  SCV  
  13  0:13  SCV  
  14  0:19  Supply Depot  
  14  0:25  SCV  
  15  0:41  Barracks  
  15  0:43  SCV  
  16  0:55  SCV  
  17  0:58  Refinery  
  17  1:01  Refinery  
  17  1:07  SCV  
  18  1:19  SCV  
  19  1:30  Marine  
  19  1:31  SCV  
  19  1:32  Supply Depot  
  21  1:44  Orbital Command  
  21  1:55  Factory  
  21  1:57  Marine  
  22  2:03  Barracks  
  22  2:09  SCV  
  23  2:21  Marine, SCV  
  25  2:34  SCV  
  26  2:38  Marine  
  26  2:40  Factory Tech Lab  
  26  2:44  Starport  
  27  2:46  SCV  
  28  2:52  Command Center  
  28  2:56  Marine  
  29  3:14  Supply Depot, Marine  
  29  3:17  SCV  
  31  3:22  Siege Tank  
  34  3:28  Fusion Core  
  34  3:29  Starport Tech Lab  
  34  3:32  Marine  
  35  3:34  SCV  
  36  4:15  Battlecruiser  
  42  4:21  Orbital Command  
  42  4:30  Marine  
  43  4:33  Siege Tank  
  46  4:41  Orbital Command  
  46  4:44  SCV  
  46  4:45  Refinery  
  47  4:48  Marine  
  47  4:52  Supply Depot  
  48  4:56  SCV  
  49  5:06  Marine  
  50  5:07  SCV  
  50  5:08  SCV, Refinery  
  52  5:19  SCV  
  52  5:20  SCV  
  54  5:23  Battlecruiser  
  60  5:40  Supply Depot, Siege Tank  
  63  6:02  Engineering Bay  
  63  6:03  Weapon Refit  
  63  6:05  SCV x2  
  65  6:17  SCV x2, Barracks Reactor  
  67  6:29  SCV x2  
  69  7:27  Battlecruiser  
  69  7:28  SCV  
  69  7:29  SCV  
  77  7:40  Supply Depot  
  77  7:41  SCV  
  78  7:52  Supply Depot  
  78  8:02  SCV x2, Siege Tank  
  83  8:14  SCV x2  
  85  8:23  Starport  
  85  8:25  Missile Turret  
  85  8:26  SCV x2  
  87  8:34  Siege Tank  
  90  9:06  Siege Tank  
  93  9:44  Starport Tech Lab  
  93  9:49  Starport  
  93  9:54  Missile Turret  
  93  9:58  Missile Turret  
  93  10:06  Command Center  
  93  10:39  Starport Tech Lab  
  93  10:51  Sensor Tower  
  93  10:59  Marine  
  94  11:06  Barracks  
  94  11:17  Marine x2  
  94  11:18  Battlecruiser x2  
  108  11:35  Marine  
  109  12:00  Supply Depot  
  109  12:02  Supply Depot  
  109  12:03  Barracks Tech Lab  
  109  12:05  Command Center  
  109  12:06  Barracks  
  109  12:16  Orbital Command  
  109  12:21  Marine, SCV, Battlecruiser  
  117  12:23  SCV, Battlecruiser  
  117  12:28  Stimpack  
  117  12:29  Barracks  
  124  12:33  SCV  
  125  12:39  Barracks  
  125  12:40  Barracks  
  125  12:43  Supply Depot  
  125  12:45  Supply Depot  
  125  12:53  Marine x3  
  125  12:54  SCV x2, Siege Tank  
  133  13:05  Battlecruiser  
  139  13:06  SCV x2  
  139  13:08  Sensor Tower  
  139  13:11  Marine x3  
  144  13:16  Armory  
  144  13:18  SCV x2  
  146  13:26  Siege Tank  
Show
View Real Time Build Order
Export as new Build Order

Artanis Protoss 

Build Orders:  

Get SALT Encoding   

  12  0:00  Probe  
  13  0:12  Probe  
  14  0:18  Pylon  
  14  0:24  Probe  
  15  0:37  Probe (Chrono Boost)  
  15  0:39  Gateway  
  16  0:49  Assimilator, Probe (Chrono Boost)  
  17  0:55  Probe (Chrono Boost)  
  18  1:06  Probe  
  19  1:14  Gateway  
  19  1:19  Probe  
  20  1:29  Cybernetics Core  
  20  1:34  Probe  
  21  1:44  Pylon  
  21  1:55  Assimilator  
  21  2:03  Adept x2 (Chrono Boost)  
  25  2:08  Warp Gate  
  25  2:11  Probe  
  26  2:20  Gateway  
  26  2:24  Gateway  
  26  2:25  Adept  
  28  2:39  Probe  
  29  2:51  Probe  
  30  3:03  Probe  
  31  3:07  Nexus  
  27  3:35  Probe  
  28  3:41  Pylon  
  28  3:45  Assimilator  
  28  3:47  Probe  
  29  3:48  Assimilator  
  29  3:57  Sentry  
  29  3:59  Probe  
  29  4:00  Sentry, Stalker  
  29  4:01  Stalker  
  38  4:14  Probe (Chrono Boost)  
  39  4:19  Probe (Chrono Boost)  
  39  4:21  Assimilator  
  41  4:26  Sentry  
  41  4:28  Probe (Chrono Boost)  
  41  4:29  Probe (Chrono Boost)  
  44  4:31  Stalker  
  44  4:36  Probe (Chrono Boost)  
  47  4:39  Pylon  
  47  4:43  Probe (Chrono Boost)  
  48  4:49  Probe (Chrono Boost)  
  49  5:02  Sentry, Stalker x3  
  59  5:28  Probe (Chrono Boost)  
  59  5:34  Probe (Chrono Boost)  
  59  5:38  Probe (Chrono Boost)  
  59  5:42  Probe (Chrono Boost)  
  59  5:50  Probe (Chrono Boost)  
  59  5:58  Probe (Chrono Boost)  
  59  6:01  Probe (Chrono Boost)  
  58  6:06  Probe x2 (Chrono Boost)  
  58  6:07  Pylon  
  58  6:10  Robotics Facility  
  60  6:11  Pylon  
  60  6:16  Probe  
  60  6:17  Probe  
  62  6:20  Nexus  
  62  6:24  Pylon  
  62  6:26  Pylon  
  62  6:29  Probe x2  
  62  6:30  Assimilator  
  64  6:32  Sentry, Pylon  
  64  6:33  Stalker x3  
  64  6:39  Gateway  
  72  6:41  Probe x2  
  74  6:49  Pylon  
  74  6:53  Probe (Chrono Boost)  
  75  6:54  Stargate  
  75  6:57  Probe (Chrono Boost)  
  76  7:03  Probe (Chrono Boost)  
  76  7:04  Forge  
  76  7:05  Probe (Chrono Boost)  
  76  7:06  Shield Battery  
  78  7:09  Gateway, Probe (Chrono Boost)  
  78  7:11  Sentry x3  
  84  7:37  Stalker  
  84  7:38  Stalker x4  
  84  7:43  Observer  
  95  7:48  Pylon  
  95  7:59  Probe (Chrono Boost)  
  95  8:04  Probe x2 (Chrono Boost)  
  98  8:08  Fleet Beacon, Robotics Bay  
  98  8:09  Probe (Chrono Boost)  
  98  8:11  Pylon  
  98  8:12  Probe x2 (Chrono Boost)  
  101  8:14  Pylon  
  101  8:15  Immortal  
  105  8:22  Shield Battery  
  105  8:23  Probe x2  
  105  8:26  Shield Battery  
  107  9:02  Assimilator  
  107  9:05  Nexus  
  107  9:07  Pylon  
  107  9:08  Colossus (Chrono Boost)  
  107  9:09  Pylon  
  107  9:14  Robotics Facility  
  107  9:17  Assimilator, Robotics Facility  
  113  9:22  Extended Thermal Lance  
  113  9:24  Stargate  
  113  9:27  Zealot x4  
  113  9:28  Zealot, Pylon  
  113  9:29  Stalker, Assimilator  
  125  9:40  Probe x3  
  128  9:50  Stargate  
  128  9:52  Stargate, Probe  
  129  9:55  Colossus  
  135  10:04  Colossus  
  141  10:27  Shield Battery  
  141  10:30  Photon Cannon  
  141  10:32  Photon Cannon  
  141  10:35  Photon Cannon  
  141  10:37  Shield Battery  
  141  10:39  Pylon  
  141  10:41  Pylon  
  147  10:43  Carrier x2  
  147  10:44  Photon Cannon  
  147  10:48  Photon Cannon  
  153  10:53  Gateway  
  153  10:56  Oracle  
  156  10:58  Oracle  
  156  10:59  Nexus  
  163  11:14  Immortal (Chrono Boost), Zealot  
  163  11:15  Zealot x4  
  163  11:16  Zealot  
  175  11:21  Disruptor (Chrono Boost)  
  175  11:24  Disruptor (Chrono Boost)  
  181  11:49  Pylon  
  181  11:51  Pylon  
  181  12:06  Carrier x2  
  193  12:09  Shield Battery  
  193  12:12  Shield Battery  
  193  12:15  Photon Cannon  
  193  12:16  Photon Cannon  
  193  12:18  Photon Cannon, Probe (Chrono Boost)  
  193  12:21  Photon Cannon, Pylon  
  193  12:22  Carrier  
  200  12:25  Pylon  
  200  12:28  Twilight Council  
  200  12:29  Assimilator  
  200  12:32  Pylon  
  183  13:29  Disruptor x3  
  183  13:34  Stalker x3  
  165  13:35  Zealot x3  
  153  14:06  Zealot x4  
  153  14:07  Zealot x2  
Tags
 
Add a new tag
Caveats
  • Supply blocks, unpowered buildings, or Contaminate may cause inaccurate times.
  • Supply counts are checked every 10 seconds.